 Dungeon Crawl Stone Soup version 0.19-a0-1827-g174f941 (webtiles) character file.

1572 dobroeutro the Basher (level 8, 0/52 HPs)
             Began as a Gargoyle Fighter on Oct 7, 2016.
             Was a Believer of Okawaru.
             Slain by a worker ant (1 damage)
             ... on level 7 of the Dungeon.
             The game lasted 00:09:16 (5264 turns).

dobroeutro the Basher (Gargoyle Fighter)            Turns: 5264, Time: 00:09:17

Health: 0/52       AC: 16    Str: 22    XL:     8   Next: 90%
Magic:  9/9        EV:  8    Int:  8    God:    Okawaru [**....]
Gold:   356        SH:  9    Dex: 10    Spells: 0 memorised, 7 levels left

rFire  + . .     SeeInvis .     G - +0 morningstar
rCold  . . .     Gourm    .     y - +2 ring mail {rN+}
rNeg   + + .     Faith    .     c - +0 shield
rPois  ∞         Spirit   .     (no helmet)
rElec  +         Dismiss  .     (no cloak)
rCorr  .         Reflect  .     I - +2 pair of gloves
MR     .....     Harm     .     (no boots)
Stlth  ..........               (no amulet)
                                (no ring)
                                o - ring of protection from fire

@: no status effects
A: negative energy resistance 1, electricity resistance, unbreathing,
petrification resistance, rot immunity, AC +5
a: Heroism, Renounce Religion


You were on level 7 of the Dungeon.
You worshipped Okawaru.
Okawaru was pleased with you.
You were hungry.

You visited 1 branch of the dungeon, and saw 7 of its levels.

You collected 356 gold pieces.

Inventory:

Hand Weapons
 a - a +0 flail
 E - a +2 hand axe of venom
 G - a +0 morningstar (weapon)
Armour
 b - a +0 scale mail
 c - a +0 shield (worn)
 m - a +0 ring mail of magic resistance
 y - a +2 ring mail of positive energy (worn)
 I - a +2 pair of gloves (worn)
Rods
 L - a +0 rod of ignition (9/9)
   (You found it on level 5 of the Dungeon)
Jewellery
 o - a ring of protection from fire (left hand)
 P - a +3 ring of intelligence {unknown}
Wands
 u - a wand of iceblast (5/15)
 D - a wand of lightning (5/15)
Scrolls
 e - a scroll of enchant armour {unknown}
 i - 6 scrolls of enchant weapon {unknown}
 k - a scroll of magic mapping {unknown}
 l - 3 scrolls of remove curse {unknown}
 q - 9 scrolls of identify {unknown}
 s - 2 scrolls of noise {unknown}
 v - 2 scrolls of random uselessness {unknown}
 z - a scroll of fog {unknown}
 J - a scroll of teleportation {unknown}
 K - 2 scrolls of immolation {unknown}
 M - a scroll of blinking {unknown}
 O - 2 scrolls of amnesia {unknown}
Potions
 d - a potion of might
 j - 3 potions of flight {unknown}
 n - 2 potions of agility {unknown}
 t - 2 potions of cancellation {unknown}
 w - a potion of cure mutation {unknown}
 x - a potion of resistance {unknown}
 A - 3 potions of brilliance {unknown}
 B - 3 potions of heal wounds {unknown}
 F - a potion of degeneration {unknown}
 H - a potion of invisibility {unknown}
 N - a potion of curing {unknown}
Books
 Q - a book of Geomancy

   Spells                             Type                      Level
   a - Sandblast                      Earth                        1
   b - Passwall                       Transmutation/Earth          2
   c - Stone Arrow                    Conjuration/Earth            3
   d - Petrify                        Transmutation/Earth          4
   e - Lee's Rapid Deconstruction     Earth                        5
Comestibles
 f - 5 bread rations
 g - 2 meat rations
 h - 4 royal jellies
 p - a fruit
 r - 2 beef jerkies
 C - a slice of pizza


   Skills:
 + Level 6.3 Fighting
 * Level 8.0 Maces & Flails
 + Level 6.4 Armour
 - Level 3.2 Shields
 + Level 2.2 Evocations


You had 7 spell levels left.
You didn't know any spells.

Dungeon Overview and Level Annotations

Branches:
Dungeon (7/15)             Temple (0/1) D:5

Altars:
Cheibriados
Fedhas
Gozag
Kikubaaqudgha
Okawaru
Qazlal
Trog
Vehumet
Yredelemnul
Zin

Shops:
D:7 *

Annotations:
D:3 dobroeutro's ghost, amateur GrFi


Innate Abilities, Weirdness & Mutations

You are resistant to torment.
Your stone body is resilient. (AC +5)
You are immune to poison.
You resist negative energy. (rN+)
You are resistant to electric shocks. (rElec)
You can survive without breathing.
You are immune to petrification.
You are immune to rotting.


Message History

You block the worker ant's attack. The worker ant bites you.
You block the ogre's attack.
Evoke which item? (* to show all) (? for menu, Esc to quit)
Okay, then.
The worker ant bites you but does no damage.
The worker ant bites you but does no damage.
You hit the worker ant but do no damage.
The worker ant is heavily wounded.
The worker ant bites you but does no damage.
The worker ant bites you.
You barely miss the worker ant.
The worker ant is heavily wounded.
The ogre barely misses you.
The worker ant bites you but does no damage.
You completely miss the ogre.
The worker ant bites you but does no damage.
The ogre hits you with a giant club!
* * * LOW HITPOINT WARNING * * *
The worker ant bites you.
You die...

#####...#.#####
..............#
####...#.###.#
#..........#
#...(......#
#..#.###.######## #.
#....O........
#.##.####a#######
#.#........@.......
#.............######
#..###.#......# ..
#. #.#......# ... #
#........##....
..#######......... #
.........#..##...
#.. #..#####.#..#
#.. +.. #.#..######


You could see an ogre and a worker ant.

Vanquished Creatures
  Grinder (D:6)
  Eustachio (D:5)
  Edmund (D:5)
  A sky beast (D:6)
  An orc warrior (D:6)
  3 ogres
  A centaur (D:6)
  A bullfrog (D:6)
  A howler monkey (D:5)
  2 crimson imps (D:5)
  2 hounds
  A quasit (D:6)
  A bullfrog skeleton (D:4)
  2 orc priests (D:6)
  A centaur skeleton (D:4)
  A worker ant (D:4)
  Terence (D:3)
  A killer bee zombie (D:7)
  2 worker ant zombies
  3 gnolls (D:4)
  An adder (D:6)
  An adder skeleton (D:3)
  2 adder zombies (D:7)
  A worm (D:3)
  3 dart slugs
  7 leopard geckos
  15 orcs
  9 bats
  3 giant cockroaches
  5 goblins
  9 hobgoblins
  13 jackals
  2 quokkas
  A ball python (D:1)
  5 frilled lizards
  A jackal skeleton (D:3)
  5 kobolds
  A leopard gecko skeleton (D:3)
  A leopard gecko zombie (D:3)
  8 rats
121 creatures vanquished.

Notes
Turn   | Place    | Note
-------+----------+-------------------------------------------
     0 | D:1      | dobroeutro the Gargoyle Fighter began the quest for the Orb.
     0 | D:1      | Reached XP level 1. HP: 14/14 MP: 1/1
   157 | D:1      | Reached XP level 2. HP: 19/19 MP: 2/2
   547 | D:1      | Reached skill level 3 in Maces & Flails
   777 | D:2      | Reached XP level 3. HP: 23/23 MP: 3/3
   843 | D:2      | Found a radiant altar of Vehumet.
  1350 | D:3      | Found a glowing silver altar of Zin.
  1359 | D:3      | Reached XP level 4. HP: 24/28 MP: 4/4
  1782 | D:3      | Found a blossoming altar of Fedhas.
  1802 | D:3      | Noticed Terence
  1808 | D:3      | Killed Terence
  1808 | D:3      | Reached XP level 5. HP: 33/33 MP: 5/5
  1841 | D:3      | Reached skill level 4 in Maces & Flails
  1893 | D:3      | Found a snail-covered altar of Cheibriados.
  1894 | D:3      | Noticed dobroeutro's ghost (amateur GrFi)
  2049 | D:4      | Found an opulent altar of Gozag.
  2444 | D:4      | Reached XP level 6. HP: 37/38 MP: 6/6
  2467 | D:4      | Found an iron altar of Okawaru.
  2798 | D:5      | Entered Level 5 of the Dungeon
  2923 | D:5      | Reached skill level 5 in Maces & Flails
  3216 | D:5      | Found a bloodstained altar of Trog.
  3240 | D:5      | Noticed Edmund
  3249 | D:5      | Killed Edmund
  3315 | D:5      | Reached skill level 5 in Armour
  3315 | D:5      | Reached XP level 7. HP: 44/44 MP: 7/7
  3387 | D:5      | Found an iron altar of Okawaru.
  3471 | D:5      | Became a worshipper of Warmaster Okawaru
  3489 | D:5      | Reached skill level 6 in Maces & Flails
  3509 | D:5      | Reached skill level 5 in Fighting
  3607 | D:5      | Noticed Eustachio
  3625 | D:5      | Found a staircase to the Ecumenical Temple.
  3639 | D:5      | Killed Eustachio
  3814 | D:5      | Reached * piety under Okawaru
  3853 | D:5      | Reached XP level 8. HP: 44/50 MP: 8/8
  3902 | D:5      | Identified a +0 rod of ignition (9/9) (You found it on level 5 of the Dungeon)
  4003 | D:6      | Reached skill level 7 in Maces & Flails
  4207 | D:6      | Reached skill level 1 in Evocations
  4401 | D:6      | Noticed Grinder
  4412 | D:6      | Paralysed by Grinder for 3 turns
  4430 | D:6      | Killed Grinder
  4430 | D:6      | Reached ** piety under Okawaru
  4859 | D:7      | Reached skill level 8 in Maces & Flails
  4875 | D:7      | Found Suureock's General Store.
  4879 | D:7      | Found an ancient bone altar of Kikubaaqudgha.
  4881 | D:7      | Found a basalt altar of Yredelemnul.
  4883 | D:7      | Found a stormy altar of Qazlal.
  5263 | D:7      | HP: 1/52 [ogre/giant club (17)]
  5264 | D:7      | Slain by a worker ant

Vault maps used:
D:1:      lemuel_arrival_muddy
D:2:      vehumet_crystals, first_bread
D:3:      cheibriados_altar_wand_db, lemuel_round_altar, serial_undead,
          serial_undead_d, serial_undead_d, serial_undead_f, serial_undead_a,
          lemuel_statue_altar, uniq_terence
D:4:      cheibrodos_quashed, lemuel_crystal_altar, okawaru_ov_weapons_minmay
D:5:      kennysheep_mini, kennysheep_little_box, uniq_edmund, uniq_eustachio
D:6:      serial_co_window_serial, co_window_of_opportunity_a,
          co_window_corner_a, co_window_of_opportunity_a, co_window_paths_b,
          co_window_paths_b, co_window_paths_b, co_window_cross_2,
          co_window_corner_ca, co_window_corner_ca, co_window_broadway_c,
          glass_columns_a, glass_columns_a, glass_columns_a, glass_columns_c,
          uniq_grinder
D:7:      kennysheep_mini_moat, gammafunk_temple_overflow_forgotten,
          serial_shops, nicolae_shop_behind_doors

Skill      XL: |  1  2  3  4  5  6  7  8 |
---------------+-------------------------+-----
Maces & Flails | 3 4 5 6 8 |  8.0
Armour         | 4 5 6 |  6.4
Fighting       | 4 5 6 |  6.3
Evocations     | 2 |  2.2
Shields        | |  3.2

Action                   |  1- 3 |  4- 6 |  7- 9 || total
-------------------------+-------+-------+-------++-------
Melee: Flail             |   169 |    82 |       ||   251
       Hand axe          |       |    60 |     4 ||    64
       Morningstar       |       |    50 |   156 ||   206
Evoke: Rod               |       |       |     4 ||     4
  Eat: Chunk             |     1 |     3 |     8 ||    12
       Bread ration      |       |     1 |       ||     1
Armor: Scale mail        |    13 |       |       ||    13
       Ring mail         |    87 |    89 |   106 ||   282
Dodge: Dodged            |    76 |    70 |    59 ||   205
Block: Shield            |   102 |    92 |    89 ||   283
